 Dungeon Crawl Stone Soup version 0.27.1-34-g3ba077fa99 (webtiles) character file.

Game seed: 12937967881759424068

58 cbfl8 the Sneak (level 3, 0/33 HPs)
             Began as a Minotaur Delver on Jan 16, 2022.
             Succumbed to a scorpion's poison
             ... on level 5 of the Dungeon.
             The game lasted 00:00:22 (39 turns).

cbfl8 the Sneak (Minotaur Delver)                     Turns: 39, Time: 00:00:23

Health: 0/33       AC:  3    Str: 16    XL:     3   Next: 75%
Magic:  2/2        EV: 12    Int:  8    God:
Gold:   0          SH:  0    Dex: 11    Spells: 2/2 levels left

rFire    . . .     SeeInvis .   a - +0 hand axe
rCold    . . .     Faith    .   (no shield)
rNeg     . . .     Spirit   .   b - +0 leather armour
rPois    .         Reflect  .   (helmet restricted)
rElec    .         Harm     .   (no cloak)
rCorr    .         Rampage  .   (no gloves)
Will     .....                  (no boots)
Stlth    ++........             (no amulet)
HPRegen  0.11/turn              (no ring)
MPRegen  0.08/turn              (no ring)

@: lethally poisoned (0 -> -2)
A: horns 2, retaliatory headbutt
a: no special abilities


You were on level 5 of the Dungeon.
You visited 1 branch of the dungeon, and saw 1 of its levels.

Inventory:

Hand Weapons
 a - a +0 hand axe (weapon)
Armour
 b - a +0 leather armour (worn)
Wands
 g - a wand of digging (3)
Scrolls
 c - a scroll of fog
 d - a scroll of magic mapping
 e - a scroll of fear
Potions
 f - a potion of haste


   Skills:
 + Level 4.0 Fighting
 + Level 2.8 Axes
 + Level 2.3 Dodging
 + Level 5.0 Stealth


You had 2 spell levels left.
You didn't know any spells.
Your spell library was empty.

Dungeon Overview and Level Annotations

Branches:
Dungeon (5/15)
 Temple: D:4-7

Altars:


Innate Abilities, Weirdness & Mutations

You have a pair of horns on your head.
You reflexively headbutt those who attack you in melee.


Message History

The scorpion stings you.
You hit the scorpion.
The scorpion is lightly wounded.
The scorpion barely misses you. You furiously retaliate!
You headbutt the scorpion! The scorpion stings you!
You closely miss the scorpion.
The scorpion is heavily wounded.
The scorpion stings you but does no damage.
You hit the scorpion but do no damage.
The scorpion is heavily wounded.
The scorpion stings you.
You are lethally poisoned!
The scorpion poisons you! The scorpion barely misses you.
You furiously retaliate!
You headbutt the scorpion. You hit the scorpion. You headbutt the scorpion.
You kill the scorpion!
* * * LOW HITPOINT WARNING * * *
You feel very sick.
Your Fighting skill increases to level 4!
Your Stealth skill increases to level 5!
You have reached level 2!
You have reached level 3!
Your experience leads to an increase in your attributes!
Increase (S)trength, (I)ntelligence, or (D)exterity?
You feel clever.
There is a lethal amount of poison in your body!
There is a lethal amount of poison in your body!
There is a lethal amount of poison in your body!
There is a lethal amount of poison in your body!
There is a lethal amount of poison in your body!
There is a lethal amount of poison in your body!
* * * LOW HITPOINT WARNING * * *
You feel sick.
There is a lethal amount of poison in your body!
There is a lethal amount of poison in your body!
* * * LOW HITPOINT WARNING * * *
You feel sick.
* * * LOW HITPOINT WARNING * * *
You feel sick.
You die...

........
####......
#..#....#
#..#....#
#..#....#
##.†#....#########
#...'.............
#...#.............
+@..#.............
#####.............
#############'
......#..>
......'...
......#...
.###...#.. #.#####
+.


There were no monsters in sight!

Vanquished Creatures
  A scorpion (D:5)
1 creature vanquished.

Notes
Turn   | Place    | Note
-------+----------+-------------------------------------------
     0 | D:5      | cbfl8 the Minotaur Delver began the quest for the Orb.
     0 | D:5      | Reached XP level 1. HP: 19/19 MP: 0/0
    28 | D:5      | Noticed a scorpion
    35 | D:5      | Killed a scorpion
    36 | D:5      | Reached skill level 5 in Stealth
    36 | D:5      | Reached XP level 2. HP: 4/27 MP: 1/1
    36 | D:5      | Reached XP level 3. HP: 5/33 MP: 2/2
    38 | D:5      | HP: 1/33 [poisoned by a scorpion]
    39 | D:5      | Succumbed to a scorpion's poison

Illustrated notes

Levels and vault maps discovered:
D:5:      layout_gridville, grunt_temple_overflow_diamond

Skill      XL: |  1 |
---------------+----+-----
Fighting       | 4 |  4.0
Stealth        | 5 |  5.0
Axes           | |  2.8
Dodging        | |  2.3

Action                   || total
-------------------------++-------
Melee: Hand axe          ||     4
       Headbutt          ||     1
Armor: Leather armour    ||     2
Dodge: Dodged            ||     2
